 Dungeon Crawl Stone Soup version 0.30-a0-715-gdb4ae3ece1 (webtiles) character file.

Game seed: 12540762417049420744

168 HoaS the Shooter (level 5, -1/30 HPs)
             Began as a Gargoyle Hunter on Jan 24, 2023.
             Slain by a river rat (7 damage)
             ... on level 3 of the Dungeon.
             The game lasted 00:04:25 (1481 turns).

HoaS the Shooter (Gargoyle Hunter)                  Turns: 1481, Time: 00:04:25

Health: -1/30      AC: 10    Str: 15    XL:     5   Next: 48%
Magic:  5/5        EV: 11    Int:  9    God:
Gold:   192        SH:  0    Dex: 15    Spells: 4/4 levels left

rFire   . . .      SeeInvis .    a - +0 shortbow
rCold   . . .      Faith    .    (shield currently unavailable)
rNeg    + . .      Spirit   .    c - +1 leather armour
rPois   ∞          Reflect  .    i - +1 helmet
rElec   +          Harm     .    (no cloak)
rCorr   .          Rampage  .    (no gloves)
Will    .....                    (no boots)
Stlth   ++                       (no amulet)
HPRegen 0.25/turn                (no ring)
MPRegen 0.09/turn                (no ring)

@: no status effects
A: sickness immunity, AC +4, negative energy resistance 1, electricity
resistance, torment resistance 1, petrification resistance
a: no special abilities


You were on level 3 of the Dungeon.
You visited 1 branch of the dungeon, and saw 3 of its levels.

You collected 192 gold pieces.

Inventory:

Hand Weapons
 a - a +0 shortbow (weapon)
Armour
 c - a +1 leather armour (worn)
 i - a +1 helmet (worn)
Scrolls
 b - 2 scrolls of immolation
 f - a scroll of magic mapping
Potions
 e - 4 potions of curing {unknown}
 g - 2 potions of berserk rage {unknown}
 h - a potion of flight {unknown}


   Skills:
 - Level 2.1 Fighting
 + Level 6.6 Ranged Weapons
 - Level 1.5 Dodging
 - Level 1.1 Stealth


You had 4 spell levels left.
You didn't know any spells.
Your spell library was empty.

Dungeon Overview and Level Annotations

Branches:
Dungeon (3/15)

Altars:

Portals:
Sewer: D:3


Innate Abilities, Weirdness & Mutations

You are immune to sickness and miasma.
Your stone body is resilient. (AC +4)
You are immune to poison.
You resist negative energy. (rN+)
You are resistant to electric shocks. (rElec)
You are resistant to unholy torment.
You are immune to petrification.


Message History

The river rat closely misses you. The river rat bites you.
You shoot an arrow. The arrow hits the river rat.
The river rat is heavily wounded.
The river rat barely misses you. The river rat bites you!
You shoot an arrow. The arrow barely misses the river rat.
The river rat barely misses you. The river rat closely misses you.
You shoot an arrow. The arrow closely misses the river rat.
The river rat bites you. The river rat closely misses you.
The river rat barely misses you.
The river rat bites you but does no damage.
You shoot an arrow.
The arrow completely misses the river rat.
The river rat bites you! The river rat closely misses you.
You enter the shallow water.
Moving in this stuff is going to be slow.
The river rat attacks as you move away! The river rat misses you.
The river rat bites you.
* * * LOW HITPOINT WARNING * * *
You see here a giant cockroach corpse.
The river rat attacks as you move away! The river rat closely misses you.
The river rat attacks as you move away! The river rat bites you.
* * * LOW HITPOINT WARNING * * *
The river rat attacks as you move away! The river rat misses you.
The river rat bites you.
* * * LOW HITPOINT WARNING * * *
The river rat attacks as you move away! The river rat barely misses you.
You see here 4 gold pieces.
The river rat attacks as you move away! The river rat completely misses you.
You shoot an arrow. The arrow hits the river rat.
The river rat is lightly wounded.
The river rat closely misses you.
You shoot an arrow.
The arrow hits the river rat but does no damage.
The river rat is lightly wounded.
The river rat completely misses you. The river rat misses you.
You shoot an arrow.
The arrow hits the river rat but does no damage.
The river rat is lightly wounded.
The river rat bites you!
You die...

#.~~~#~∩~# #..~~'~~~#
#..~~'#### #.?~~~r~~#
#....†r~.# #.....~..#
#.....r..#
#############.#####r#
................@rrr#
......###############
......# ......#
......# ......#
......# ......#
......#*****


You could see 2 river rats and 2 rats.

Vanquished Creatures
  A phantom (D:3)
  Robin (D:3)
  2 adders
  A dart slug (D:2)
  6 ball pythons
  5 endoplasms
  7 giant cockroaches
  13 goblins
  5 hobgoblins
  3 jackals (D:1)
  A quokka (D:1)
  A bat (D:3)
  5 frilled lizards
  4 kobolds
  5 rats
60 creatures vanquished.

Notes
Turn   | Place    | Note
-------+----------+-------------------------------------------
     0 | D:1      | HoaS the Gargoyle Hunter began the quest for the Orb.
     0 | D:1      | Reached XP level 1. HP: 12/12 MP: 1/1
   138 | D:1      | Reached XP level 2. HP: 17/17 MP: 2/2
   494 | D:1      | Reached XP level 3. HP: 21/21 MP: 3/3
   684 | D:2      | Reached skill level 5 in Ranged Weapons
  1233 | D:3      | Noticed a phantom
  1252 | D:3      | Killed a phantom
  1253 | D:3      | Reached skill level 6 in Ranged Weapons
  1253 | D:3      | Reached XP level 4. HP: 23/26 MP: 4/4
  1253 | D:3      | Reached XP level 5. HP: 27/30 MP: 5/5
  1322 | D:3      | Noticed Robin
  1332 | D:3      | Killed Robin
  1463 | D:3      | Found a glowing drain.
  1481 | D:3      | Slain by a river rat

Illustrated notes

Levels and vault maps discovered:
D:1:      eino_arrival_druids_welcome, layout_basic, minmay_misc_feat_chi,
          minmay_small_reverse_x
D:2:      layout_basic, serial_bayou_lagoon_b
D:3:      layout_basic, portal_sewer_entry_e, uniq_robin

Skill      XL: |  1  2  3 |
---------------+----------+-----
Ranged Weapons | 6 |  6.6
Fighting       | |  2.1
Dodging        | |  1.5
Stealth        | |  1.1

Action                     |  1- 3 |  4- 6 || total
---------------------------+-------+-------++-------
   Fire: Shortbow          |    92 |    71 ||   163
    Use: Scroll            |     7 |     2 ||     9
 Armour: Leather armour    |    16 |    21 ||    37
  Dodge: Dodged            |    19 |    41 ||    60

Table legend: (Time is in decaauts)
 A = Elapsed time spent in this place.
 B = Non-inter-level travel time spent in this place.
 C = Inter-level travel time spent in this place.
 D = Time resting spent in this place.
 E = Time spent auto-exploring this place.
 F = Levels seen in this place.
 G = Mean time per level.
                   A        B        C        D        E       F      G
               +--------+--------+--------+--------+--------+-----+--------+
         Total |   1540 |   1459 |     81 |     13 |   1048 |   3 |  513.3 |
       Dungeon |   1540 |   1459 |     81 |     13 |   1048 |   3 |  513.3 |
               +--------+--------+--------+--------+--------+-----+--------+

Top non-repeatable levels by time:
     D:2: 638 daAuts
     D:1: 628 daAuts
     D:3: 273 daAuts
